 Dungeon Crawl Stone Soup version 0.19.1 (webtiles) character file.

189 kae the Shield-Bearer (level 6, -16/48 HPs)
             Began as a Formicid Fighter on Dec 19, 2016.
             Demolished by Pikel
             ... wielding a +2 whip of electrocution
              (18 damage)
             ... on level 4 of the Dungeon.
             The game lasted 00:02:03 (2722 turns).

kae the Shield-Bearer (Formicid Fighter)            Turns: 2722, Time: 00:02:04

Health: -16/48     AC: 14    Str: 27    XL:     6   Next: 0%
Magic:  6/6        EV:  8    Int:  8    God:
Gold:   160        SH: 10    Dex: 10    Spells: 0 memorised, 5 levels left

rFire  . . .     SeeInvis +     a - +1 mace (protect)
rCold  . . .     Gourm    .     v - +0 scale mail
rNeg   . . .     Faith    .     c - +0 shield
rPois  +         Spirit   .     (helmet unavailable)
rElec  .         Reflect  .     (no cloak)
rCorr  .         Harm     .     (no gloves)
MR     .....                    (no boots)
Stlth  ..........               (no amulet)
                                (no ring)
                                p - ring of poison resistance

@: mighty, protection aura
A: permanent stasis, dig shafts and tunnels, four strong arms, antennae 3
a: Dig, Shaft Self


You were on level 4 of the Dungeon.
You were not hungry.

You visited 1 branch of the dungeon, and saw 4 of its levels.

You collected 160 gold pieces.

Inventory:

Hand Weapons
 a - a +1 mace of protection (weapon)
 b - a +1 flail of crushing
 y - a +0 flail
Armour
 c - a +0 shield (worn)
 v - a +0 scale mail (worn)
Jewellery
 p - a ring of poison resistance (left hand)
 A - an uncursed amulet of rage {unknown}
Scrolls
 j - 2 scrolls of enchant armour {unknown}
 n - a scroll of enchant weapon {unknown}
 r - a scroll of noise {unknown}
 s - 2 scrolls of remove curse {unknown}
 t - a scroll of magic mapping {unknown}
 u - a scroll of random uselessness {unknown}
 x - a scroll of amnesia {unknown}
Potions
 e - 2 potions of heal wounds {unknown}
 g - 2 potions of curing {unknown}
 m - 3 potions of haste {unknown}
 o - 2 potions of resistance {unknown}
 q - a potion of lignification {unknown}
 w - a potion of flight {unknown}
Comestibles
 f - 3 bread rations
 h - 3 fruits
 i - 2 beef jerkies
 k - a royal jelly
 l - 2 meat rations


   Skills:
 + Level 4.1 Fighting
 * Level 3.7 Maces & Flails
 + Level 4.1 Armour
 + Level 4.8 Shields


You had 5 spell levels left.
You didn't know any spells.

Dungeon Overview and Level Annotations

Branches:
Dungeon (4/15)
 Temple: D:4-7

Altars:

Annotations:
D:4 Pikel


Innate Abilities, Weirdness & Mutations

You are under a permanent stasis effect.
You can dig through walls and to a lower floor.
Your four strong arms can wield two-handed weapons with a shield.
You have a pair of large antennae on your head. (SInv)


Message History

Pikel is severely wounded.
Pikel hits you but does no damage.
The slave hits the bush but does no damage.
You completely miss Pikel.
Pikel is severely wounded.
You block Pikel's attack.
The slave hits the bush but does no damage.
Okay, then.
You closely miss Pikel.
Pikel is severely wounded.
Pikel closely misses you.
The slave hits the bush.
Unknown command.
You hit Pikel.
Pikel is severely wounded.
Pikel hits you but does no damage.
The slave hits the bush but does no damage.
Pikel hits you with a whip of electrocution.
* * * LOW HITPOINT WARNING * * *
You are electrocuted!
You die...

#.#### #.#
#.######.#######
..
#...............
>.
########.#######
P[ #.# p. #.#


pPPPP #.######.# {.... #........# ########p.P.P #.######.# #..@KpppP.P #.#
#.#####.PPPPP #.####.#####.# #.P..%P #..<...>.....# #.PPP.P ........#######
#...P...P .######.# #.P.P.P.P #.# #.P...P P #.# #.PPP.P #.# #.. ..## You could
see Pikel and 4 slaves.

Vanquished Creatures
  A howler monkey (D:3)
  A worker ant (D:4)
  4 adders
  2 worms
  2 dart slugs (D:2)
  17 orcs (D:3)
  2 ball pythons
  A giant cockroach (D:3)
  9 hobgoblins
  6 kobolds
  A quokka (D:3)
  7 bats
  7 frilled lizards
  3 goblins
  4 rats
67 creatures vanquished.

Vanquished Creatures (others)
  3 bushes (D:4)
3 creatures vanquished.

Grand Total: 70 creatures vanquished

Notes
Turn   | Place    | Note
-------+----------+-------------------------------------------
     0 | D:1      | kae the Formicid Fighter began the quest for the Orb.
     0 | D:1      | Reached XP level 1. HP: 18/18 MP: 1/1
   212 | D:1      | Reached XP level 2. HP: 24/24 MP: 2/2
   818 | D:2      | Reached XP level 3. HP: 26/29 MP: 3/3
  1334 | D:2      | Reached XP level 4. HP: 29/37 MP: 4/4
  2036 | D:3      | Reached XP level 5. HP: 41/42 MP: 5/5
  2669 | D:4      | Noticed a slave
  2674 | D:4      | Reached XP level 6. HP: 48/48 MP: 6/6
  2681 | D:4      | Noticed a slave
  2683 | D:4      | Noticed a slave
  2683 | D:4      | Noticed a slave
  2684 | D:4      | Noticed an ogre
  2685 | D:4      | Noticed Pikel
  2722 | D:4      | HP: 2/48 [Pikel/whip of electrocution (1)]
  2722 | D:4      | Demolished by Pikel

Skill      XL: |  1  2  3  4 |
---------------+-------------+-----
Shields        | 4 |  4.8
Maces & Flails | 3 |  3.7
Fighting       | 4 |  4.1
Armour         | 4 |  4.1

Action                   |  1- 3 |  4- 6 || total
-------------------------+-------+-------++-------
Melee: Flail             |   104 |   133 ||   237
       Mace              |       |    44 ||    44
 Abil: Dig               |     1 |       ||     1
  Use: Scroll            |     1 |       ||     1
       Potion            |       |     1 ||     1
  Eat: Chunk             |     1 |     5 ||     6
Armor: Scale mail        |    37 |    41 ||    78
Dodge: Dodged            |    31 |    42 ||    73
Block: Shield            |    56 |    78 ||   134
